 Dungeon Crawl Stone Soup version 0.28.0-45-g0d030f2227 (webtiles) character file.

Game seed: 6401620267996846872

145 NinjaNoafa the Stinger (level 5, -2/40 HPs)
             Began as a Draconian Venom Mage on Apr 20, 2022.
             Was an Initiate of Nemelex Xobeh.
             Slain by a water moccasin (7 damage)
             ... in a sewer.
             The game lasted 00:09:15 (3690 turns).

NinjaNoafa the Stinger (Draconian Venom Mage)       Turns: 3690, Time: 00:09:17

Health: -2/40      AC:  7    Str: 12    XL:     5   Next: 6%
Magic:  9/9        EV: 12    Int: 18    God:    Nemelex Xobeh [......]
Gold:   163        SH:  0    Dex: 11    Spells: 8/9 levels left

rFire   x . .      SeeInvis .   s - +0 short sword
rCold   + . .      Faith    .   (no shield)
rNeg    . . .      Spirit   .   (armour unavailable)
rPois   .          Reflect  .   (helmet restricted)
rElec   .          Harm     .   (no cloak)
rCorr   .          Rampage  .   (no gloves)
Will    .....      Rage     1%  j - +1 pair of boots
Stlth   ++........              (no amulet)
HPRegen 0.13/turn               p - ring of ice
MPRegen 0.11/turn               (no ring)

@: lethally poisoned (-2 -> -12), hasted, very quick
A: AC +5, unfitting armour, cold-blooded, berserk 1, strong 1, MP-powered wands
a: Renounce Religion, Draw Escape, Draw Destruction, Draw Summoning


You were in a sewer.
You worshipped Nemelex Xobeh.
Nemelex Xobeh was noncommittal.
You visited 1 branch of the dungeon, and saw 4 of its levels.
You also visited: Sewer.

You collected 163 gold pieces.

Inventory:

Hand Weapons
 a - a +0 dagger
 s - a +0 short sword (weapon)
Missiles
 b - 100 stones
 g - 3 throwing nets
 r - 2 poisoned darts
Armour
 j - a +1 pair of boots (worn)
Jewellery
 p - a ring of ice (left hand)
Scrolls
 d - 2 scrolls of amnesia
 e - 3 scrolls of vulnerability
 f - a scroll of torment
 m - a scroll of noise
 u - a scroll of fog
Potions
 i - 2 potions of brilliance


   Skills:
 + Level 1.1 Fighting
 - Level 2.2 Dodging
 - Level 1.7 Stealth
 + Level 1.4 Unarmed Combat
 + Level 2.6 Spellcasting
 - Level 0.2 Conjurations
 + Level 2.1 Transmutations
 + Level 2.0 Air Magic
 - Level 3.3 Poison Magic


You had 8 spell levels left.
You knew the following spells:

 Your Spells              Type           Power      Damage    Failure   Level
a - Sting                 Tmut/Pois      48%        1d5       5%          1

Your spell library contained the following spells:

 Spells                   Type           Power      Damage    Failure   Level
 Poisonous Vapours        Pois/Air       24%        N/A       9%          2
 Shock                    Conj/Air       24%        1d4       11%         1
 Spider Form              Tmut/Pois      12%        N/A       16%         3
 Mephitic Cloud           Conj/Pois/Air  9%         N/A       24%         3
 Ensorcelled Hibernation  Hex/Ice        6%         N/A       26%         2
 Olgreb's Toxic Radiance  Pois           14%        N/A       38%         4
 Anguish                  Hex/Necr       1%         N/A       86%         4


Dungeon Overview and Level Annotations

Branches:
Dungeon (4/15)              Sewer (1/1)
 Temple: D:4-7

Altars:
Nemelex Xobeh
The Shining One

Shops:
D:4 (


Innate Abilities, Weirdness & Mutations

Your plain brown scales are hard. (AC +5)
You cannot fit into any form of body armour.
You are cold-blooded and may be slowed by cold attacks.
You tend to lose your temper in combat.
Your muscles are strong. (Str +2)
You expend magic power (3 MP) to strengthen your wands.


Message History

You don't have any unidentified items.
You start resting.
You feel sick. x4
You are no longer poisoned.
You start resting.
You are starting to lose your buoyancy.
You start resting.
You float gracefully downwards.
You start resting.
Your extra speed is starting to run out.
You start resting.
You feel yourself slow down.
You start resting.
You feel a little less clever now.
You start resting.
A water moccasin is nearby!
You now have 163 gold pieces (gained 28).
The water moccasin hisses angrily.
As you read the scroll of fog, it crumbles to dust.
The scroll dissolves into smoke.
You feel yourself speed up. The water moccasin bites you.
You hit the water moccasin.
The water moccasin is moderately wounded.
The water moccasin bites you.
* * * LOW HITPOINT WARNING * * *
You are lethally poisoned!
The water moccasin poisons you!
* * * LOW HITPOINT WARNING * * *
You feel very sick.
You are too injured to fight recklessly!
Okay, then.
Okay, then.
Okay, then.
Really quaff the potion of mutation?
You feel extremely strange.
You feel your magical essence link to the dungeon's wands.
You feel a little pissed off.
You feel stronger.
* * * LOW HITPOINT WARNING * * *
You feel sick. The water moccasin bites you!
You die...
Your body disappears without a glow.

***######
#[)#.#§@#
#)≈#≈#S§#
**#≈§§###
##≈§§##
#...§≈#
##..≈S.##
#..≈#...#
##..###..##
#.≈.# #≈..#


You could see a water moccasin.

Vanquished Creatures
  5 adders
  A river rat (D:4)
  2 worms
  5 dart slugs
  4 orcs
  11 ball pythons
  7 endoplasms
  5 giant cockroaches
  5 goblins
  4 hobgoblins
  4 jackals
  A quokka (D:1)
  4 bats
  3 frilled lizards
  6 kobolds
  4 rats
71 creatures vanquished.

Notes
Turn   | Place    | Note
-------+----------+-------------------------------------------
     0 | D:1      | NinjaNoafa the Draconian Venom Mage began the quest for the
                  | Orb.
     0 | D:1      | Reached XP level 1. HP: 14/14 MP: 3/3
   175 | D:1      | Reached XP level 2. HP: 20/20 MP: 1/5
   402 | D:1      | Reached skill level 1 in Air Magic
   799 | D:1      | Reached XP level 3. HP: 26/26 MP: 4/6
   953 | D:1      | Found a faded altar of an unknown god.
   962 | D:1      | Got Plato's Grimoire of Battle Magic
  1435 | D:2      | Found a glowing golden altar of the Shining One.
  1971 | D:3      | Found a sparkling altar of Nemelex Xobeh.
  1994 | D:3      | Became a worshipper of Nemelex Xobeh the Trickster
  2047 | D:3      | Reached XP level 4. HP: 25/33 MP: 2/7
  2171 | D:3      | Reached skill level 1 in Unarmed Combat
  3256 | D:4      | Reached skill level 1 in Fighting
  3309 | D:4      | Found Meot's Antique Weapon Shoppe.
  3316 | D:4      | Found a glowing drain.
  3324 | D:4      | Reached XP level 5. HP: 32/40 MP: 2/9
  3400 | Sewer    | Entered a sewer
  3486 | Sewer    | Noticed a water moccasin
  3515 | Sewer    | Gained mutation: You are dopey. (Int -2) [potion of
                  | mutation]
  3515 | Sewer    | Lost mutation: You are dopey. (Int -2) [potion of mutation]
  3690 | Sewer    | Gained mutation: You expend magic power (3 MP) to
                  | strengthen your wands. [potion of mutation]
  3690 | Sewer    | Gained mutation: You tend to lose your temper in combat.
                  | [potion of mutation]
  3690 | Sewer    | Gained mutation: Your muscles are strong. (Str +2) [potion
                  | of mutation]
  3690 | Sewer    | Slain by a water moccasin

Illustrated notes

Levels and vault maps discovered:
D:1:      minmay_arrival_diagonal_passages, layout_loops_ring,
          shapermc_ecumenical_altar_rom_forum, moated_statue,
          minmay_pentomino_v2
D:2:      layout_loops_ring, basic_altar, kennysheep_nondescript
D:3:      layout_loops_ring, nemelex_dance_club_becter
D:4:      layout_cave_pools, lemuel_tele_altar, general_overflow_altar,
          serial_shops, nicolae_shop_advertising_works
          [nicolae_subvault_shop_adworks], portal_sewer_entry_b
Sewer:    sewer_the_moccasin

Skill      XL: |  1  2  3  4 |
---------------+-------------+-----
Dodging        | 2 |  2.2
Air Magic      | 1 2 |  2.0
Unarmed Combat | 1 |  1.4
Transmutations | 2 |  2.1
Fighting       | 1 |  1.1
Stealth        | |  1.7
Spellcasting   | |  2.6
Conjurations   | |  0.2
Poison Magic   | |  3.3

Action                   |  1- 3 |  4- 6 || total
-------------------------+-------+-------++-------
Melee: Dagger            |    50 |    39 ||    89
       Tailslap          |     9 |     4 ||    13
       Unarmed           |     2 |    16 ||    18
       Punch             |       |     2 ||     2
       Short sword       |       |     3 ||     3
 Cast: Sting             |    57 |    54 ||   111
  Use: Scroll            |       |    12 ||    12
       Potion            |       |    10 ||    10
Armor: Skin              |    16 |    29 ||    45
Dodge: Dodged            |    51 |    65 ||   116
